 Dungeon Crawl Stone Soup version 0.31-a0-986-g5e6e4ef867 (webtiles) character file.

Game seed: 15614240959488401889

79 Danienth the Trooper (level 4, -4/37 HPs)
             Began as a Human Monk on Nov 12, 2023.
             Was a Priest of the Shining One.
             Slain by a gnoll
             ... wielding a +0 flail
              (10 damage)
             ... on level 2 of the Dungeon.
             The game lasted 00:06:04 (1830 turns).

Danienth the Trooper (Human Monk)                   Turns: 1830, Time: 00:06:07

Health: -4/37      AC:  3    Str: 13    XL:     4   Next: 64%
Magic:  1/4        EV: 13    Int: 10    God:    the Shining One [***...]
Gold:   138        SH:  6    Dex: 16    Spells: 3/3 levels left

rFire   . . .        a - +0 short sword
rCold   . . .        d - orb {light}
rNeg    + . .        b - +0 robe
rPois   .            (no helmet)
rElec   .            (no cloak)
rCorr   .            (no gloves)
SInv    .            e - +0 pair of boots {rampage}
Will    .....        (no amulet)
Stlth   +            (no ring)
HPRegen 0.26/turn    (no ring)
MPRegen 0.09/turn

%: rampage
@: divinely shielded, hasted, glowing, very quick
A: no striking features
a: Renounce Religion, Divine Shield, Cleansing Flame


You were on level 2 of the Dungeon.
You worshipped the Shining One.
The Shining One was most pleased with you.
You visited 1 branch of the dungeon, and saw 3 of its levels.

You collected 138 gold pieces.

Inventory:

Hand Weapons
 a - a +0 short sword (weapon)
Missiles
 c - 2 boomerangs
 n - 5 javelins
Armour
 b - a +0 robe (worn)
 d - an orb of light (worn)
 e - a +0 pair of boots of rampaging (worn)
Scrolls
 h - a scroll of fear {unknown}
 i - a scroll of enchant armour {unknown}
 k - 2 scrolls of teleportation {unknown}
 m - a scroll of identify {unknown}
Potions
 g - a potion of cancellation {unknown}
 j - 3 potions of curing {unknown}
 l - a potion of resistance {unknown}


   Skills:
 * Level 3.9 Fighting
 - Level 3.5 Short Blades
 * Level 3.9 Dodging


You had 3 spell levels left.
You didn't know any spells.
Your spell library was empty.

Dungeon Overview and Level Annotations

Branches:
Dungeon (3/15)

Altars:
The Shining One


Message History

Aim: a gnoll, wielding a +0 flail (lightly wounded, haloed, about 16% to evade your +0 short sword)
You hit the gnoll.
The gnoll is moderately wounded.
The gnoll closely misses you.
The gnoll hits you from afar with a +0 spear.
Hit: a) +0 short sword
Press: ? - help, Dir - move target, f/p - gnoll
Aim: a gnoll, wielding a +0 flail (moderately wounded, haloed, about 16% to evade your +0 short sword)
You hit the gnoll.
The gnoll is moderately wounded.
Hit: a) +0 short sword
Press: ? - help, Dir - move target, f/p - gnoll
Aim: a gnoll, wielding a +0 flail (moderately wounded, haloed, about 16% to evade your +0 short sword)
You hit the gnoll.
The gnoll is moderately wounded.
The gnoll hits you with a +0 flail. The gnoll closely misses you.
Hit: a) +0 short sword
Press: ? - help, Dir - move target, f/p - gnoll
Aim: a gnoll, wielding a +0 flail (moderately wounded, haloed, about 16% to evade your +0 short sword)
You hit the gnoll.
The gnoll is heavily wounded.
The gnoll closely misses you.
The gnoll hits you from afar with a +0 spear.
Okay, then.
It was a potion of haste.
You feel yourself speed up. The gnoll misses you.
The gnoll hits you from afar with a +0 spear.
* * * LOW HITPOINT WARNING * * *
The gnoll attacks as it pursues you!
The gnoll hits you from afar with a +0 spear.
* * * LOW HITPOINT WARNING * * *
There is a stone staircase leading up here.
You climb upwards.
There is a stone staircase leading down here.
Hit: a) +0 short sword
Press: ? - help, Dir - move target, f - gnoll
Aim: a gnoll, wielding a +0 flail (heavily wounded, haloed, about 16% to evade your +0 short sword)
You barely miss the gnoll.
The gnoll is heavily wounded.
The gnoll hits you with a +0 flail!
You die...

..##.######..###.# #.#
#......... ..##.# #..#
#.###.###.###.#### ♣...>#
#..###.##...##.# #.# ....##
#..............# #.# .♣..#
#..#.#.#....#### #.# PP..#
#÷.........## #.# ...##
#..#.#.#.### #.# ..##
#..#..g..#########.#
#.#########..###@.....)......#
#............# ###############
########..##†# ########..##.##
#.............#
#.######†.##..# ###### #.#
#..##..# #..... #.# #..##..#
#.#### #.# ##..##..#########
#.....


You could see a gnoll.

Vanquished Creatures
  An adder (D:2)
  A gnoll (D:2)
  A worm (D:2)
  2 dart slugs
  6 ball pythons
  4 endoplasms
  A giant cockroach (D:1)
  9 goblins
  6 hobgoblins
  2 quokkas
  8 bats
  2 frilled lizards
  3 kobolds (D:1)
  3 rats
49 creatures vanquished.

Notes
Turn   | Place    | Note
-------+----------+-------------------------------------------
     0 | D:1      | Danienth the Human Monk began the quest for the Orb.
     0 | D:1      | Reached XP level 1. HP: 18/18 MP: 1/1
    97 | D:1      | Found a faded altar of an unknown god.
   113 | D:1      | Prayed at the altar of an unknown god.
   113 | D:1      | Became a worshipper of the Shining One
   113 | D:1      | Reached * piety under the Shining One
   113 | D:1      | Reached ** piety under the Shining One
   138 | D:1      | Reached XP level 2. HP: 24/24 MP: 2/2
   448 | D:1      | Reached XP level 3. HP: 29/29 MP: 3/3
   925 | D:2      | Reached *** piety under the Shining One
  1199 | D:2      | Reached XP level 4. HP: 10/37 MP: 0/4
  1830 | D:2      | Slain by a gnoll

Illustrated notes

Levels and vault maps discovered:
D:1:      amcnicky_arrival_gap_in_the_tavern_cellar, layout_basic,
          ebering_ecumenical_altar_hall, minivault_24, grunt_decor_mini_mirrors
D:2:      minmay_general_purpose_star, layout_loops_ring, st_stairs_8,
          serial_park_tiny_2
D:3:      layout_loops_cross, mainiacjoe_overflow_six_doors_small

Action                     |  1- 3 |  4- 6 || total
---------------------------+-------+-------++-------
  Melee: Short sword       |   132 |    61 ||   193
 Invoke: Divine Shield     |     1 |     1 ||     2
    Use: Potion            |     1 |     1 ||     2
 Armour: Robe              |    53 |    28 ||    81
  Dodge: Dodged            |    58 |    33 ||    91
  Block: Orb               |       |     2 ||     2

Table legend: (Time is in decaauts)
 A = Elapsed time spent in this place.
 B = Non-inter-level travel time spent in this place.
 C = Inter-level travel time spent in this place.
 D = Time resting spent in this place.
 E = Time spent auto-exploring this place.
 F = Levels seen in this place.
 G = Mean time per level.
                   A        B        C        D        E       F      G
               +--------+--------+--------+--------+--------+-----+--------+
         Total |   1795 |   1734 |     61 |     65 |   1345 |   3 |  598.3 |
       Dungeon |   1795 |   1734 |     61 |     65 |   1345 |   3 |  598.3 |
               +--------+--------+--------+--------+--------+-----+--------+

Top non-repeatable levels by time:
     D:2: 936 daAuts
     D:1: 829 daAuts
     D:3: 29 daAuts
